 Seeded DCSS version 0.29-a0-72-g1732ff48e7 (webtiles) character file.

Game seed: 10000000000011 (custom seed)

253 knot the Chopper (level 5, -2/40 (41) HPs)
             Began as a Demonspawn Berserker on Feb 4, 2022.
             Was a Believer of Trog.
             Slain by Duvessa (12 damage)
             ... on level 4 of the Dungeon.
             The game lasted 00:03:05 (2855 turns).

knot the Chopper (Demonspawn Berserker)             Turns: 2855, Time: 00:03:05

HP:   -2/40 (41)    AC:  2    Str: 17    XL:     5   Next: 90%
MP:   5/5           EV: 12    Int: 11    God:    Trog [**....]
Gold: 96            SH:  5    Dex: 12    Spells: 4/4 levels left

rFire   . . .      SeeInvis .   a - +0 hand axe
rCold   . . .      Faith    .   (no shield)
rNeg    . . .      Spirit   .   b - +0 animal skin
rPois   .          Reflect  +   (no helmet)
rElec   .          Harm     .   (no cloak)
rCorr   .          Rampage  .   (no gloves)
Will    .....                   (no boots)
Stlth   +.........              d - amulet of reflection
HPRegen 0.13/turn               (no ring)
MPRegen 0.18/turn               (no ring)

@: lightly drained
A: magic regeneration, demonic touch 1
a: Renounce Religion, Berserk, Trog's Hand


You were on level 4 of the Dungeon.
You worshipped Trog.
Trog was pleased with you.
You visited 1 branch of the dungeon, and saw 4 of its levels.

You collected 96 gold pieces.

Inventory:

Hand Weapons
 a - a +0 hand axe (weapon)
Missiles
 f - 68 stones (quivered)
 k - 2 poisoned darts
 p - 4 boomerangs
Armour
 b - a +0 animal skin (worn)
Jewellery
 d - an amulet of reflection (around neck)
Wands
 o - a wand of polymorph (5)
Scrolls
 c - a scroll of amnesia {unknown}
 h - 2 scrolls of identify {unknown}
 m - 2 scrolls of blinking {unknown}
 n - a scroll of fog {unknown}
Potions
 e - a potion of curing {unknown}
 g - a potion of lignification {unknown}
 i - a potion of might {unknown}
 j - a potion of magic {unknown}
 l - a potion of heal wounds {unknown}


   Skills:
 - Level 3.0 Fighting
 + Level 6.1 Axes
 - Level 1.7 Armour
 - Level 1.7 Dodging


You had 4 spell levels left.
You didn't know any spells.
Your spell library contained the following spells:

 Spells                   Type           Power      Damage    Failure   Level
 Corpse Rot               Necr/Air       0%         N/A       47%         2
 Poisonous Vapours        Pois/Air       0%         N/A       47%         2


Dungeon Overview and Level Annotations

Branches:
Dungeon (4/15)             Temple (0/1) D:4

Altars:

Shops:
D:3 [

Annotations:
D:4 Dowan, Duvessa, Ijyb


Innate Abilities, Weirdness & Mutations

You regenerate magic rapidly.
Your touch may inflict minor irresistible damage on your foes.


Message History

Dowan evaporates and reforms as a boggart!
Dowan picks up a +0 dagger.
Dowan wields a +0 dagger.
Ijyb screams, "I cut your head off!"
A giant cockroach comes into view.
There is a stone staircase leading up here.
Throw: 69 stones
Press: ? - help, Q - select action, (/) - cycle Shift-Dir - straight line, f - goblin
Aim: a goblin, wielding a +0 dagger (50% to hit)
You throw a stone. The stone closely misses the goblin.
The goblin hits you with a +0 dagger.
You hit the goblin.
The goblin is severely wounded.
You block the goblin's attack.
You barely miss the goblin.
You touch the goblin.
You kill the goblin!
Trog accepts your kill.
Ijyb screams, "It's all mine!"
You hit the goblin.
You kill the goblin!
Trog accepts your kill.
Ijyb zaps a wand.
Your will is overpowered!
You are confused.
Unknown command.
The giant cockroach barely misses you.
In your confused state, you trip and fall back down the stairs.
The giant cockroach bites you but does no damage.
Unknown command.
Dowan mumbles some strange words.
Ijyb misses you. The giant cockroach barely misses you.
In your confused state, you trip and fall back down the stairs.
Dowan gestures wildly while chanting.
The giant cockroach bites you. Ijyb closely misses you.
Duvessa hits you with a +2 short sword of draining!
You feel drained.
You feel less confused. The giant cockroach closely misses you.
Ijyb hits you with a +0 club.
* * * LOW HITPOINT WARNING * * *
Dowan mumbles some strange words.
Duvessa hits you with a +2 short sword of draining!
You die...

#########
.......>####################
...........g.g............g.
##
....>.o.###################.
.## .....oKo#......#### ##
..##########.g..........
)...###### ##(Jg@B..# .
.##....))####..e.....# ..
.#######......######.# ...
..## ######.## # .... #..##
#..# # .##e. ##..# ##.# .#
##.# #.# ##.### #.## #.#
##+### #..## #.####⌠.⌠##


You could see Duvessa, Ijyb, Dowan the boggart, 3 orcs, an endoplasm (summoned),
a giant cockroach and a kobold (summoned).

Vanquished Creatures
  An ogre (D:3)
  An orc priest (D:4)
  A centaur skeleton (D:4)
  5 adders
  2 orcs (D:4)
  6 endoplasms
  A giant cockroach (D:1)
  4 goblins
  5 hobgoblins
  14 jackals
  2 ball pythons
  7 bats
  5 frilled lizards
  3 kobolds
  5 rats
62 creatures vanquished.

Notes
Turn   | Place    | Note
-------+----------+-------------------------------------------
     0 | D:1      | knot the Demonspawn Berserker began the quest for the Orb.
     0 | D:1      | Reached XP level 1. HP: 18/18 MP: 1/1
    51 | D:1      | Reached skill level 3 in Axes
   157 | D:1      | Gained mutation: You regenerate magic rapidly. [demonic
                  | ancestry]
   157 | D:1      | Reached XP level 2. HP: 11/24 MP: 2/2
   765 | D:1      | You fall into a shaft and drop 1 floor!
   859 | D:2      | Reached ** piety under Trog
   860 | D:2      | Reached skill level 4 in Axes
   860 | D:2      | Gained mutation: Your touch may inflict minor irresistible
                  | damage on your foes. [demonic ancestry]
   860 | D:2      | Reached XP level 3. HP: 23/29 MP: 3/3
  1555 | D:2      | Reached XP level 4. HP: 30/35 MP: 4/4
  2097 | D:3      | Noticed an ogre
  2105 | D:3      | Killed an ogre
  2106 | D:3      | Reached skill level 5 in Axes
  2106 | D:3      | Reached XP level 5. HP: 41/41 MP: 5/5
  2220 | D:3      | Found Daocsar's Antique Armour Emporium.
  2738 | D:4      | Found a staircase to the Ecumenical Temple.
  2806 | D:4      | Reached skill level 6 in Axes
  2816 | D:4      | Noticed Dowan
  2816 | D:4      | Noticed Ijyb
  2818 | D:4      | Noticed Duvessa
  2819 | D:4      | Noticed Dowan
  2819 | D:4      | Dowan changed into Dowan the boggart
  2855 | D:4      | Slain by Duvessa

Illustrated notes

Levels and vault maps discovered:
D:1:      lordsloth_arrival_two_stooges, layout_basic, grunt_decor_fettered,
          minmay_misc_feat_diagonals, nicolae_concentric_dashed_squares_wild
D:2:      layout_rooms, hangedman_decor_clover_reticule
D:3:      layout_basic, serial_shops, shop, kennysheep_path_1
D:4:      layout_rooms, temple_doors_e, uniq_duvessa, uniq_ijyb

Skill      XL: |  1  2  3  4  5 |
---------------+----------------+-----
Axes           | 3 4 5 6 |  6.1
Fighting       | |  3.0
Armour         | |  1.7
Dodging        | |  1.7

Action                   |  1- 3 |  4- 6 || total
-------------------------+-------+-------++-------
Melee: Hand axe          |   117 |    65 ||   182
       Punch             |     1 |       ||     1
       Touch             |     6 |    10 ||    16
Throw: Stone             |       |     1 ||     1
Invok: Berserk           |     2 |     2 ||     4
Evoke: Wand              |       |     3 ||     3
 Stab: Sleeping          |     3 |       ||     3
Armor: Animal skin       |    23 |    15 ||    38
Dodge: Dodged            |    73 |    41 ||   114
Block: Other             |    27 |    17 ||    44

Table legend: (Time is in decaauts)
 A = Elapsed time spent in this place.
 B = Non-inter-level travel time spent in this place.
 C = Inter-level travel time spent in this place.
 D = Time resting spent in this place.
 E = Time spent auto-exploring this place.
 F = Levels seen in this place.
 G = Mean time per level.
                   A        B        C        D        E       F      G
               +--------+--------+--------+--------+--------+-----+--------+
         Total |   2915 |   2863 |     52 |    825 |   1549 |   4 |  728.8 |
       Dungeon |   2915 |   2863 |     52 |    825 |   1549 |   4 |  728.8 |
               +--------+--------+--------+--------+--------+-----+--------+

Top non-repeatable levels by time:
     D:2: 1257 daAuts
     D:1: 773 daAuts
     D:3: 585 daAuts
     D:4: 298 daAuts
